 Dungeon Crawl Stone Soup version 0.19-a0-1007-g133f65f (webtiles) character file.

59 Implojin the Ruffian (level 3, -2/31 HPs)
             Began as a Minotaur Fighter on July 20, 2016.
             Killed from afar by Sigmund (6 damage)
             ... with a magic dart
             ... on level 2 of the Dungeon.
             The game lasted 00:00:54 (152 turns).

Implojin the Ruffian (Minotaur Fighter)              Turns: 152, Time: 00:00:54

Health: -2/31      AC:  6    Str: 20    XL:     3   Next: 78%
Magic:  2/2        EV:  7    Int:  5    God:
Gold:   0          SH:  9    Dex: 10    Spells: 0 memorised, 2 levels left

rFire  . . .     SeeInvis .       - Unarmed
rCold  . . .     Gourm    .     a - +0 scale mail
rNeg   . . .     Faith    .     b - +0 shield
rPois  .         Spirit   .     (helmet restricted)
rElec  .         Dismiss  .     (no cloak)
rCorr  .         Reflect  .     (no gloves)
SustAt .         Harm     .     (no boots)
MR     .....                    (no amulet)
Stlth  ..........               (no ring)
                                (no ring)

@: not resistant to hostile enchantments, extremely unstealthy
A: retaliatory headbutt, horns 2
a: no special abilities


You were on level 2 of the Dungeon.
You were not hungry.

You visited 1 branch of the dungeon, and saw 2 of its levels.

Inventory:

Missiles
 e - a throwing net (quivered)
Armour
 a - a +0 scale mail (worn)
 b - a +0 shield (worn)
Potions
 c - a potion of might
Comestibles
 d - a bread ration


   Skills:
 - Level 3.6 Fighting
 - Level 3.6 Armour
 - Level 3.6 Shields
 * Level 4.6 Unarmed Combat


You had 2 spell levels left.
You didn't know any spells.

Dungeon Overview and Level Annotations

Branches:
Dungeon (2/15)

Altars:

Annotations:
D:2 Sigmund


Innate Abilities, Weirdness & Mutations

You reflexively headbutt those who attack you in melee.
You have a pair of horns on your head.


Message History

Unknown command.
You hit the adder.
The adder is severely wounded.
You block the adder's attack.
You closely miss the adder.
The adder is severely wounded.
You feel sick. You block the adder's attack. x2
You closely miss the adder. Your headbutt misses the adder.
The adder is severely wounded.
You feel sick. You block the adder's attack.
You hit the adder.
The adder is almost dead.
You feel sick. The adder bites you but does no damage.
You hit the adder.
You kill the adder!
You feel sick.
There is an open door, spattered with blood here.
You feel sick.
You feel sick.
You see here an adder corpse.
There is an open door here.
Okay, then.
You feel sick.
You feel sick.
You feel sick.
Found 8 gold pieces.
You feel sick.
Found a blue potion.
Sigmund the Dreaded comes into view.
He is wielding a scythe.
Sigmund shouts!
Sigmund points at you and mumbles some strange words.
You resist with significant effort.
You see here 8 gold pieces.
Unknown command.
You aren't carrying any spellbooks or scrolls.
You feel sick.
You are no longer poisoned.
Sigmund gestures at you while chanting. The magic dart hits you!
You die...

#†##....†'...'.....####
#..#.....#...#.....#
#..'.....#...#.....+
####'#####...#####+#
#..# #...# #..# +...+ .
#### #...# ...
##.##########.....
#.@.....@$....!..
############..... ... .


You could see Sigmund.

Vanquished Creatures
  6 adders (D:2)
  4 ball pythons (D:2)
10 creatures vanquished.

Notes
Turn   | Place    | Note
-------+----------+-------------------------------------------
     0 | D:1      | Implojin the Minotaur Fighter began the quest for the Orb.
     0 | D:1      | Reached XP level 1. HP: 19/19 MP: 0/0
    23 | D:2      | Reached skill level 3 in Unarmed Combat
    23 | D:2      | Reached XP level 2. HP: 17/26 MP: 1/1
    43 | D:2      | Reached XP level 3. HP: 22/31 MP: 2/2
   102 | D:2      | Reached skill level 4 in Unarmed Combat
   145 | D:2      | Noticed Sigmund
   152 | D:2      | Killed from afar by Sigmund

Vault maps used:
D:1:      onia_arrival_mini_spirals, serial_bayou_pond_d
D:2:      minmay_snake_closets, uniq_sigmund

Skill      XL: |  1  2  3 |
---------------+----------+-----
Unarmed Combat | 3 4 |  4.6
Fighting       | |  3.6
Armour         | |  3.6
Shields        | |  3.6

Action                   || total
-------------------------++-------
Melee: Unarmed           ||    36
       Headbutt          ||     6
Armor: Scale mail        ||    12
Dodge: Dodged            ||    13
Block: Shield            ||    15

Table legend:
 A = Turns spent in this place as a percentage of turns spent in the entire game.
 B = Non-inter-level travel turns spent in this place as a percentage of non-inter-level travel turns spent in the entire game.
 C = Inter-level travel turns spent in this place as a percentage of turns spent in this place.
 D = Turns resting spent in this place as a percentage of non-inter-level travel turns spent in this place.
 E = Turns spent auto-exploring this place as a percentage of non-inter-level travel turns spent in this place.
 F = Non-inter-level travel turns spent in this place divided by the number of levels of this place that you've seen.
                   A       B       C       D       E      F
               +-------+-------+-------+-------+-------+----------------------
         Total | 100.0 | 100.0 |   0.0 |   0.0 |   0.0 |  81.5
       Dungeon | 100.0 | 100.0 |   0.0 |   0.0 |   0.0 |  81.5
               +-------+-------+-------+-------+-------+----------------------

Table legend:
 A = Kills in this place as a percentage of kills in entire the game.
 B = Kills by you in this place as a percentage of kills by you in the entire game.
 C = Kills by friends in this place as a percentage of kills by friends in the entire game.
 D = Other kills in this place as a percentage of other kills in the entire game.
 E = Experience gained in this place as a percentage of experience gained in the entire game.
 F = Experience gained in this place divided by the number of levels of this place that you have seen.
                   A       B       C       D       E      F
               +-------+-------+-------+-------+-------+----------------------
         Total | 100.0 | 100.0 |  -nan |  -nan | 100.0 |  42.5
       Dungeon | 100.0 | 100.0 |  -nan |  -nan | 100.0 |  42.5
               +-------+-------+-------+-------+-------+----------------------
